 Dungeon Crawl Stone Soup version 0.23.2-30-g0e89c35649 (webtiles) character file.

Game seed: 12703846307691069796

47 Glalom the Poker (level 3, -1/27 HPs)
             Began as a Merfolk Skald on June 13, 2019.
             Slain by an adder (2 damage)
             ... on level 2 of the Dungeon.
             The game lasted 00:03:38 (895 turns).

Glalom the Poker (Merfolk Skald)                     Turns: 895, Time: 00:03:38

Health: -1/27      AC:  3    Str:  9 (11) XL:     3   Next: 70%
Magic:  6/6        EV: 12    Int: 11 (12) God:
Gold:   98         SH:  0    Dex: 13 (14) Spells: 1/6 levels left

rFire    . . .     SeeInvis .   a - +0 spear
rCold    . . .     Gourm    .   (no shield)
rNeg     . . .     Faith    .   b - +0 leather armour
rPois    .         Spirit   .   (no helmet)
rElec    .         Reflect  .   (no cloak)
rCorr    .         Harm     .   (no gloves)
MR       .....                  (no boots)
Stlth    +.........             (no amulet)
HPRegen  0.09/turn              (no ring)
MPRegen  0.10/turn              (no ring)

@: lethally poisoned (-1 -> -18)
A: change form in water, swift swim, stealthy swim
a: no special abilities


You were on level 2 of the Dungeon.
You were not hungry.

You visited 1 branch of the dungeon, and saw 2 of its levels.

You collected 98 gold pieces.

Inventory:

Hand Weapons
 a - a +0 spear (weapon)
Armour
 b - a +0 leather armour (worn)
Scrolls
 c - a scroll of teleportation {unknown}
 f - 2 scrolls of remove curse {unknown}
 g - 2 scrolls of identify {unknown}
Potions
 e - a potion of degeneration
 h - a potion of ambrosia {unknown}
 i - a potion of haste {unknown}
Comestibles
 d - 2 rations


   Skills:
 - Level 2.3 Fighting
 * Level 4.1 Polearms
 - Level 0.7 Armour
 - Level 3.0 Dodging
 + Level 0.2 Stealth
 + Level 2.2 Spellcasting
 + Level 3.9 Charms


You had one spell level left.
You knew the following spells:

 Your Spells              Type           Power        Failure   Level  Hunger
a - Infusion              Chrm           #...         8%          1    ##.....
b - Song of Slaying       Chrm           #.......     12%         2    ###....
c - Shroud of Golubria    Chrm/Tloc      #.........   26%         2    ###....

Your spell library contained the following spells:

 Spells                   Type           Power        Failure   Level  Hunger
 Regeneration             Chrm/Necr      #.........   45%         3    ####...
 Spectral Weapon          Hex/Chrm       #.......     45%         3    ####...


Dungeon Overview and Level Annotations

Branches:
Dungeon (2/15)

Altars:


Message History

You hit the adder.
The adder is severely wounded.
* * * LOW HITPOINT WARNING * * *
You feel sick. The adder bites you but does no damage.
* * * LOW HITPOINT WARNING * * *
You feel sick.
* * * LOW HITPOINT WARNING * * *
You feel sick.
It was a potion of degeneration.
There was something very wrong with that liquid.
You feel weakened.
You feel dopey.
You feel clumsy.
* * * LOW HITPOINT WARNING * * *
You feel sick. The adder bites you.
* * * LOW HITPOINT WARNING * * *
The adder bites you but does no damage.
You barely miss the adder.
The adder is severely wounded.
* * * LOW HITPOINT WARNING * * *
You feel sick. The adder bites you.
You die...

##..## #.# ....#
... #...# ...
#...## #....
#(.####...
#..(......
##S####... ##@#
##.#.# ##.###.#
#######.## #.#
#........## ##
...##.#####...# #
......†<.##..#.....
##.##.##..........#
# ####..##.#..


You could see an adder.

Vanquished Creatures
  A gnoll (D:1)
  An adder (D:2)
  A dart slug (D:1)
  2 giant cockroaches (D:1)
  2 goblins (D:1)
  4 hobgoblins (D:1)
  2 jackals (D:1)
  3 kobolds (D:1)
  A quokka (D:2)
  2 bats (D:1)
  2 frilled lizards
  5 rats (D:1)
26 creatures vanquished.

Notes
Turn   | Place    | Note
-------+----------+-------------------------------------------
     0 | D:1      | Glalom the Merfolk Skald began the quest for the Orb.
     0 | D:1      | Reached XP level 1. HP: 16/16 MP: 3/3
   274 | D:1      | Reached XP level 2. HP: 22/22 MP: 5/5
   429 | D:1      | Reached XP level 3. HP: 20/27 MP: 6/6
   728 | D:1      | You fall through a shaft!
   863 | D:2      | Reached skill level 4 in Polearms
   873 | D:2      | Learned a level 2 spell: Song of Slaying
   876 | D:2      | Learned a level 2 spell: Shroud of Golubria
   895 | D:2      | HP: 1/27 [poisoned by an adder]
   895 | D:2      | Slain by an adder

Skill      XL: |  1  2  3 |
---------------+----------+-----
Dodging        | 3 |  3.0
Polearms       | 4 |  4.1
Fighting       | |  2.3
Armour         | |  0.7
Stealth        | |  0.2
Spellcasting   | |  2.2
Charms         | |  3.9

Action                   || total
-------------------------++-------
Melee: Spear             ||   110
  Use: Potion            ||     1
 Stab: Sleeping          ||     1
Armor: Leather armour    ||    26
Dodge: Dodged            ||    62
